 Dungeon Crawl Stone Soup version 0.26.0-45-g9c1d065592 (webtiles) character file.

Game seed: 8996469464687245075

95 growler the Ruffian (level 4, -2/35 HPs)
             Began as a Draconian Transmuter on Jan 30, 2021.
             Slain by an adder (5 damage)
             ... on level 2 of the Dungeon.
             The game lasted 00:03:44 (1912 turns).

growler the Ruffian (Draconian Transmuter)          Turns: 1912, Time: 00:03:44

Health: -2/35      AC:  5    Str: 12    XL:     4   Next: 40%
Magic:  8/8        EV:  9    Int: 15    God:
Gold:   63         SH:  0    Dex: 11    Spells: 2/8 levels left

rFire    . . .     SeeInvis .     - Unarmed
rCold    . . .     Faith    .   (no shield)
rNeg     . . .     Spirit   .   (armour unavailable)
rPois    .         Reflect  .   (helmet restricted)
rElec    .         Harm     .   (no cloak)
rCorr    .         Rampage  .   (no gloves)
Will     .....                  (no boots)
Stlth    +.........             (no amulet)
HPRegen  0.11/turn              (no ring)
MPRegen  0.11/turn              (no ring)

@: lethally poisoned (-2 -> -10), attractive, hasted, constricted, very quick
A: unfitting armour, cold-blooded, AC +5
a: no special abilities


You were on level 2 of the Dungeon.
You visited 1 branch of the dungeon, and saw 2 of its levels.

You collected 63 gold pieces.

Inventory:

Armour
 d - a +2 hat
   (You found it on level 1 of the Dungeon)
Scrolls
 a - 5 scrolls of identify {unknown}
 b - a scroll of teleportation {unknown}
 c - 2 scrolls of enchant armour {unknown}
 e - a scroll of random uselessness {unknown}
 f - 3 scrolls of remove curse {unknown}
 h - a scroll of amnesia {unknown}
Potions
 g - a potion of magic


   Skills:
 - Level 1.1 Fighting
 - Level 1.7 Dodging
 + Level 3.8 Unarmed Combat
 + Level 2.8 Spellcasting
 + Level 3.0 Transmutations
 + Level 1.1 Poison Magic


You had 2 spell levels left.
You knew the following spells:

 Your Spells              Type           Power        Failure   Level
a - Beastly Appendage     Tmut           22%          6%          1
b - Wereblood             Tmut           11%          9%          2
x - Spider Form           Tmut/Pois      4%           26%         3

Your spell library contained the following spells:

 Spells                   Type           Power        Failure   Level
 Ice Form                 Ice/Tmut       6%           73%         4
 Blade Hands              Tmut           5%           85%         5


Dungeon Overview and Level Annotations

Branches:
Dungeon (2/15)

Altars:
Dithmenos
Okawaru
Ru


Innate Abilities, Weirdness & Mutations

Your plain brown scales are hard. (AC +5)
You cannot fit into any form of body armour.
You are cold-blooded and may be slowed by cold attacks.


Message History

The adder barely misses you.
You closely miss the adder. Your kick misses the adder.
You feel sick. The ball python bites you. The ball python constricts you.
The ball python bites you but does no damage.
The adder bites you but does no damage.
You closely miss the adder. You claw the adder.
The ball python bites you but does no damage.
The ball python constricts you.
The ball python bites you but does no damage.
The adder barely misses you. The ball python barely misses you.
The ball python constricts you.
You miss the adder. Your headbutt misses the adder.
The ball python bites you but does no damage.
The adder completely misses you.
The ball python bites you but does no damage.
The ball python constricts you.
You hit the adder but do no damage. The adder bites you.
You are more poisoned.
The adder poisons you! The ball python bites you. The ball python misses you.
The ball python constricts you.
You miss the adder. Your kick misses the adder.
You feel sick. The adder bites you.
* * * LOW HITPOINT WARNING * * *
You are more poisoned.
The adder poisons you!
The ball python bites you but does no damage. x2
* * * LOW HITPOINT WARNING * * *
The ball python constricts you. The adder bites you.
* * * LOW HITPOINT WARNING * * *
You escape the ball python's grasp.
* * * LOW HITPOINT WARNING * * *
You feel sick.
It was a potion of magic.
Magic courses through your body.
Your horns disappear.
Your talons disappear.
* * * LOW HITPOINT WARNING * * *
You feel sick.
It was a potion of haste.
You feel yourself speed up.
* * * LOW HITPOINT WARNING * * *
You feel sick. The adder closely misses you.
It was a potion of attraction.
You feel attractive to monsters.
* * * LOW HITPOINT WARNING * * *
You feel sick.
The ball python bites you but does no damage.
The ball python grabs you. The ball python constricts you. The adder bites you.
* * * LOW HITPOINT WARNING * * *
You hit the adder.
The ball python bites you but does no damage.
The ball python constricts you. The adder bites you.
You die...

†######.#####...# #.......#..##
## ##.....#.....##
#..........###
##.............###.............
#...............##...........##
###...............##)..........#
.........######....<...........#
.#......########..##.......#####
........##....##..##.......#
.###..[.##.P...#@###.......# ##
##...#...P.SSS# ######### #
#####....P†### ##....# ####P #


You could see an adder and 2 ball pythons.

Vanquished Creatures
  A hound (D:2)
  2 adders
  2 dart slugs (D:1)
  A leopard gecko (D:1)
  10 bats
  4 giant cockroaches
  2 goblins (D:1)
  6 hobgoblins
  3 ball pythons
  2 frilled lizards
  8 kobolds
  A rat (D:1)
42 creatures vanquished.

Notes
Turn   | Place    | Note
-------+----------+-------------------------------------------
     0 | D:1      | growler the Draconian Transmuter began the quest for the
                  | Orb.
     0 | D:1      | Reached XP level 1. HP: 16/16 MP: 3/3
   251 | D:1      | Reached XP level 2. HP: 22/23 MP: 3/5
   254 | D:1      | Learned a level 2 spell: Wereblood
   893 | D:1      | Reached XP level 3. HP: 24/28 MP: 6/6
   902 | D:1      | Learned a level 3 spell: Spider Form
  1109 | D:1      | Found a shadowy altar of Dithmenos.
  1626 | D:2      | Found an iron altar of Okawaru.
  1735 | D:2      | Reached skill level 1 in Poison Magic
  1735 | D:2      | Reached XP level 4. HP: 35/35 MP: 5/8
  1767 | D:2      | Found a sacrificial altar of Ru.
  1912 | D:2      | Slain by an adder

Illustrated notes

Levels and vault maps discovered:
D:1:      dpeg_arrival_water_altar, layout_rooms,
          amcnicky_mini_corridor_feature, minivault_25, st_stairs_13,
          minmay_door_square
D:2:      layout_rooms, lemuel_crystal_altar, lemuel_doored_altar,
          minmay_shallow_snake_nest

Skill      XL: |  1  2  3 |
---------------+----------+-----
Transmutations | 3 |  3.0
Poison Magic   | 1 |  1.1
Fighting       | |  1.1
Dodging        | |  1.7
Unarmed Combat | |  3.8
Spellcasting   | |  2.8

Action                   |  1- 3 |  4- 6 || total
-------------------------+-------+-------++-------
Melee: Unarmed           |   135 |    19 ||   154
       Kick              |     9 |     1 ||    10
       Tailslap          |    10 |     1 ||    11
       Headbutt          |     6 |     2 ||     8
       Punch             |     1 |       ||     1
 Cast: Beastly Appendage |    13 |     1 ||    14
  Use: Potion            |       |     3 ||     3
Armor: Skin              |    44 |    17 ||    61
Dodge: Dodged            |   112 |    20 ||   132
